 Dungeon Crawl Stone Soup version 0.28.0-53-g5a82cb258f (webtiles) character file.

Game seed: 1002836994838784197

391 thriggle the Sneak (level 7, -2/38 (40) HPs)
             Began as a Kobold Enchanter on June 10, 2022.
             Was a Priest of Ru.
             Slain by an orc priest
             ... wielding a +0 whip
              (7 damage)
             ... on level 4 of the Dungeon.
             The game lasted 00:17:02 (3780 turns).

thriggle the Sneak (Kobold Enchanter)               Turns: 3780, Time: 00:17:03

HP:   -2/38 (40)    AC:  3    Str:  5    XL:     7   Next: 8%
MP:   0/11          EV: 16    Int: 18    God:    Ru [***...]
Gold: 145           SH:  0    Dex: 16    Spells: 4/12 levels left

rFire   . . .      SeeInvis .   a - +1 dagger
rCold   . . .      Faith    .   (no shield)
rNeg    . . .      Spirit   .   b - +0 robe
rPois   .          Reflect  .   j - +1 hat
rElec   .          Harm     .   (no cloak)
rCorr   .          Rampage  .   (no gloves)
Will    .....      Clarity  +   (no boots)
Stlth   ++++......              (no amulet)
HPRegen 0.12/turn               i - ring of wizardry
MPRegen 0.12/turn               (no ring)

@: exhausted, very slightly contaminated, drained
A: small, no large weapons, nightstalker 3, hated by all, weak-willed 1,
clarity, noise suppression
a: Renounce Religion, Draw Out Power


You were on level 4 of the Dungeon.
You worshipped Ru.
Ru was most pleased with you.
You visited 1 branch of the dungeon, and saw 4 of its levels.

You collected 145 gold pieces.

Inventory:

Hand Weapons
 a - a +1 dagger (weapon)
 e - a +1 mace of holy wrath
Missiles
 h - 51 stones (quivered)
Armour
 b - a +0 robe (worn)
 j - a +1 hat (worn)
Jewellery
 i - a ring of wizardry (left hand)
Scrolls
 d - a scroll of fog
 g - a scroll of teleportation {unknown}
Potions
 c - a potion of brilliance {unknown}
 f - 2 potions of lignification
 m - a potion of heal wounds {unknown}
 o - a potion of haste {unknown}
 q - a potion of flight {unknown}


   Skills:
 + Level 2.3 Fighting
 + Level 3.3 Short Blades
 + Level 3.9 Dodging
 + Level 5.3 Stealth
 + Level 3.3 Spellcasting
 + Level 2.0 Conjurations
 + Level 3.9 Hexes
 - Level 1.1 Ice Magic


You had 4 spell levels left.
You knew the following spells:

 Your Spells              Type           Power      Damage    Failure   Level
a - Ensorcelled Hibernat  Hex/Ice        24%        N/A       3%          2
b - Dazzling Flash        Conj/Hex       26%        N/A       6%          3
c - Confusing Touch       Hex            17%        N/A       4%          3

Your spell library contained the following spells:

 Spells                   Type           Power      Damage    Failure   Level
 Apportation              Tloc           4%         N/A       6%          1
 Alistair's Intoxication  Tmut/Pois      1%         N/A       85%         5
 Tukima's Dance           Hex            Unusable   N/A       N/A         3

Dungeon Overview and Level Annotations

Branches:
Dungeon (4/15)             Temple (0/1) D:4

Altars:
Cheibriados
Makhleb
Ru
Sif Muna
Xom

Annotations:
D:3 3 runed translucent doors


Innate Abilities, Weirdness & Mutations

You are small and have problems with some larger weapons.
You are completely attuned to the shadows.
You are hated by all.
You are slightly weak-willed. (Will-)
You possess an exceptional clarity of mind.
You passively dampen the noise of your surroundings.


Message History

Casting: Dazzling Flash (dangerous; 6% risk of failure)
Confirm with . or Enter, or press ? or * to list all spells.
Aiming: Ensorcelled Hibernation (safe; 3% risk of failure)
Press: ? - help, Shift-Dir - straight line, f - Natasha
Aim: Natasha (lightly wounded, blind, softly glowing, chance to affect: 45%) Natasha looks drowsy...
Natasha is no longer blind.
The helpless Natasha fails to defend herself.
You impale Natasha!!
You kill Natasha!
Natasha screams in pain as she dies!
The crimson imp disappears in a puff of smoke!
Your Conjurations skill increases to level 2!
You see here the felid corpse of Natasha.
The orc priest is no longer blind.
You completely miss the orc priest.
The orc priest is lightly wounded.
You barely miss the orc priest.
The orc priest is lightly wounded.
The orc priest closely misses you.
Casting: Ensorcelled Hibernation (safe; 3% risk of failure)
Confirm with . or Enter, or press ? or * to list all spells.
Aiming: Ensorcelled Hibernation (safe; 3% risk of failure)
Press: ? - help, Shift-Dir - straight line, f - orc priest
Aim: an orc priest, wielding a +0 whip and wearing a +0 scale mail (lightly wounded, chance to affect: 46%)
You miscast Ensorcelled Hibernation.
You are very lightly contaminated with residual magic.
Nothing appears to happen.
The orc priest begins to pray, but is stunned by your conviction!
Casting: Ensorcelled Hibernation (safe; 3% risk of failure)
Confirm with . or Enter, or press ? or * to list all spells.
You don't have enough magic to cast this spell.
You barely miss the orc priest.
The orc priest is lightly wounded.
The orc priest invokes the aid of Beogh against you.
Beogh smites you!
* * * LOW HITPOINT WARNING * * *
You hit the orc priest but do no damage.
The orc priest is lightly wounded.
The orc priest hits you with a +0 whip!
You die...

,*,* #.............##.#...###.
,*,* #................#...# #.
,*,* #................#...###.
**,* **#############....#....<#.
,,,* #..........# #....#######.
#######..........# #............
.................####...#########
.................†).†...........>
............)...@####...#########
...).##.........o# #...#
.....##..........# #...#
.)#####..........# ##### ).#
#..........# ..# #..........# ..#
#..........# ..# ############ ,,*


You could see an orc priest.

Vanquished Creatures
  An ogre (D:4)
  A phantom (D:3)
  A bullfrog (D:3)
  An orc priest (D:4)
  Natasha (D:4)
  5 adders
  A worm (D:3)
  2 dart slugs
  4 orcs
  6 ball pythons
  3 endoplasms
  A giant cockroach (D:3)
  8 goblins
  5 hobgoblins
  3 quokkas
  10 bats
  A frilled lizard (D:1)
  3 kobolds
  6 rats
63 creatures vanquished.

Notes
Turn   | Place    | Note
-------+----------+-------------------------------------------
     0 | D:1      | thriggle the Kobold Enchanter began the quest for the Orb.
     0 | D:1      | Reached XP level 1. HP: 10/10 MP: 3/3
   566 | D:1      | Found a faded altar of an unknown god.
   572 | D:1      | Prayed at the altar of an unknown god.
   572 | D:1      | Became a worshipper of Ru the Awakened
   577 | D:1      | Gained mutation: You are hated by all. [Ru sacrifice]
   577 | D:1      | Reached * piety under Ru
   577 | D:1      | Reached ** piety under Ru
   650 | D:1      | Reached XP level 2. HP: 15/16 MP: 5/5
   658 | D:1      | Learned a level 2 spell: Ensorcelled Hibernation
   856 | D:1      | Reached XP level 3. HP: 15/20 MP: 3/6
   944 | D:1      | Reached skill level 1 in Fighting
   952 | D:1      | Learned a level 3 spell: Dazzling Flash
  1872 | D:2      | Reached XP level 4. HP: 25/25 MP: 7/7
  1993 | D:3      | Noticed a bullfrog
  1997 | D:3      | Killed a bullfrog
  1998 | D:3      | Reached skill level 1 in Ice Magic
  1998 | D:3      | Reached XP level 5. HP: 29/29 MP: 7/9
  2002 | D:3      | Learned a level 3 spell: Confusing Touch
  2025 | D:3      | Reached skill level 1 in Conjurations
  2122 | D:3      | Found a burning altar of Makhleb.
  2125 | D:3      | Found a snail-covered altar of Cheibriados.
  2220 | D:3      | Noticed a phantom
  2558 | D:3      | Killed a phantom
  2559 | D:3      | Reached skill level 5 in Stealth
  2559 | D:3      | Reached XP level 6. HP: 7/35 MP: 8/10
  2871 | D:3      | Found a runed translucent gate.
  2872 | D:3      | Found a runed translucent gate.
  2873 | D:3      | Found a runed translucent gate.
  3012 | D:3      | Found a shimmering blue altar of Sif Muna.
  3012 | D:3      | Found a shimmering altar of Xom.
  3108 | D:4      | Noticed Natasha
  3129 | D:4      | Gained mutation: You possess an exceptional clarity of
                  | mind. [potion of mutation]
  3129 | D:4      | Gained mutation: You passively dampen the noise of your
                  | surroundings. [potion of mutation]
  3130 | D:4      | Noticed an ogre
  3554 | D:4      | Gained mutation: You are slightly weak-willed. (Will-) [Ru
                  | sacrifice]
  3554 | D:4      | Reached *** piety under Ru
  3762 | D:4      | Killed an ogre
  3763 | D:4      | Reached XP level 7. HP: 17/40 MP: 0/11
  3766 | D:4      | HP: 1/40 [Natasha/magic dart (7)]
  3773 | D:4      | Killed Natasha
  3780 | D:4      | Slain by an orc priest

Illustrated notes

Levels and vault maps discovered:
D:1:      minmay_arrival_split_and_join, layout_basic,
          shapermc_ecumenical_altar_venn, minmay_hexomino_f4
D:2:      layout_basic
D:3:      layout_loops_ring, mainiacjoe_overflow_alcove_3, gammafunk_ghost_icy
D:4:      layout_basic, minmay_temple_entry_waves, uniq_natasha

Skill      XL: |  1  2  3  4  5  6  7 |
---------------+----------------------+-----
Fighting       | 1 2 |  2.3
Short Blades   | 2 3 |  3.3
Dodging        | 3 |  3.9
Ice Magic      | 1 |  1.1
Conjurations   | 1 2 |  2.0
Stealth        | 5 |  5.3
Spellcasting   | 3 |  3.3
Hexes          | |  3.9

Action                   |  1- 3 |  4- 6 |  7- 9 || total
-------------------------+-------+-------+-------++-------
Melee: Dagger            |    69 |    45 |     7 ||   121
       Punch             |       |     1 |       ||     1
 Cast: Ensorcelled Hiber |     6 |    15 |     1 ||    22
       Confusing Touch   |       |     1 |       ||     1
       Dazzling Flash    |       |     1 |     1 ||     2
Invok: Sacrifice Love    |     1 |       |       ||     1
       Sacrifice Essence |       |     1 |       ||     1
       Draw Out Power    |       |       |     1 ||     1
  Use: Potion            |       |     2 |       ||     2
       Scroll            |       |     6 |       ||     6
 Stab: Sleeping          |    19 |    25 |     1 ||    45
       Distracted        |     2 |       |       ||     2
       Invisible         |     1 |     1 |       ||     2
       Confused          |       |     1 |       ||     1
Armor: Robe              |     7 |     5 |       ||    12
Dodge: Dodged            |    42 |    23 |     7 ||    72
